[Event "41st BAN National Women Chess-ch 2022"]
[Site "Dhaka"]
[Date "2022.11.21"]
[Round "5.1"]
[White "Wadifa, Ahmed"]
[Black "Khan, Nazrana"]
[Result "1/2-1/2"]
[ECO "B43"]
[WhiteElo "1656"]
[BlackElo "1908"]
[Annotator "TA"]
[PlyCount "76"]
[EventDate "2022.11.17"]
[EventCountry "BAN"]
[SourceTitle "playchess.com"]
[Source "ChessBase"]
[SourceQuality "1"]
[TimeControl "40/5400+30:1800+30"]

1. e4 c5 2. Nf3 e6 3. d4 cxd4 4. Nxd4 a6 5. Nc3 Qc7 6. Bd3 Nf6 7. O-O Nc6 8. Nxc6 dxc6 9. f4 e5 10. Kh1 Bd6 $1 {[%emt 0:06:21][%cal Re5f4] 10...Bd6 is better than 10...Bc5. B43: Sicilian: Kan Variation: 5 Nc3.} 11. f5 b5 12. a4 b4 (12... Bb7 $11) 13. Nb1 $1 $14 Bb7 14. Nd2 c5 15. Nc4 Rd8 {[%emt 0:05:19] [#]} (15... Bxe4 $2 16. Bxe4 Nxe4 17. Qf3 $18) 16. Qf3 $146 ({Predecessor:} 16. Qe2 O-O 17. Bg5 Be7 18. a5 Ne8 19. Be3 Nf6 20. Nb6 Bxe4 21. Bxa6 h5 22. Bf2 {½-½ (49) Baroin,B (2336)-Salati,P (2385) ICCF email 2008}) 16... h6 17. Bd2 O-O 18. Rae1 Kh7 (18... Rfe8 $14) 19. g4 $16 Rh8 20. Rg1 ({Much worse is} 20. g5 $6 hxg5 21. Bxg5 Be7 $11) (20. h4 $142) 20... Kg8 21. g5 {[%emt 0:05:16] White is more active.} (21. Be3 $16) 21... hxg5 $11 22. Rxg5 Kf8 (22... Be7 $11) 23. Reg1 (23. Qg2 $14 {stays ahead.}) 23... Rh4 $17 24. Re1 {[%emt 0:03:28] [#]} ({Not} 24. Rxg7 $2 Rxe4 25. Nxd6 Rxd6 $19) 24... Be7 $1 {[%emt 0:06:28] Hoping for ...Rd4.} 25. Rg2 {[%emt 0:02:08] [#]} (25. Kg1 $17) 25... Rd4 $1 $19 26. Qg3 Rhxe4 (26... Nxe4 $19 27. Qxg7+ Ke8) 27. Rxe4 $11 Bxe4 28. Qxg7+ Ke8 29. Bxe4 {[%emt 0:01:38] Really sharp!} Rxe4 30. Qh8+ (30. b3 $5 ) 30... Kd7 31. b3 {[%emt 0:00:42] Black must now prevent Qa8.} Qb7 {[%emt 0:02:38] Prevents Qa8.} 32. Kg1 Rxc4 33. bxc4 Qf3 {[%emt 0:00:38] Against Qh3. ( -> ...Qd1+)} (33... Qe4 $5 ) 34. h3 e4 $1 {[%emt 0:02:53] The position is equal.} 35. Rf2 (35. Qa8 $2 Qd1+ 36. Kf2 Qxd2+ 37. Kf1 Qd1+ 38. Kf2 Qxc2+ 39. Kg1 Qc1+ 40. Kf2 Qd2+ 41. Kf1 Qd1+ 42. Kf2 Bd6 43. Qa7+ Bc7 $19) 35... Qg3+ 36. Rg2 Qf3 {[%emt 0:00:45] Threatens to win with ...Qd1+.} 37. Rf2 (37. Qa8 Qd1+ 38. Kf2 Qxd2+ 39. Kf1 Qd1+ 40. Kf2 Qxc2+ 41. Kg1 Qd1+ 42. Kf2 Bd6 43. Qxa6 Qf3+ 44. Ke1 e3 45. Qb5+ Ke7) 37... Qg3+ 38. Rg2 Qf3 {[%emt 0:00:24] Weighted Error Value: White=0.27 (precise) /Black=0.19 (very precise)} 1/2-1/2

[Event "41st BAN National Women Chess-ch 2022"]
[Site "Dhaka"]
[Date "2022.11.21"]
[Round "5.2"]
[White "Talukder, Umme Taslima Protiva"]
[Black "Sabiha, Marjana"]
[Result "1-0"]
[ECO "A53"]
[WhiteElo "1780"]
[BlackElo "1267"]
[Annotator "NA RC COMBH"]
[PlyCount "113"]
[EventDate "2022.11.17"]
[EventCountry "BAN"]
[SourceTitle "playchess.com"]
[Source "ChessBase"]
[SourceQuality "1"]
[TimeControl "40/5400+30:1800+30"]

1. d4 d6 2. c4 c6 3. Nc3 Nf6 4. Nf3 Qa5 5. Bd2 Qc7 6. e4 Bg4 7. Be3 e5 8. Be2 exd4 9. Bxd4 Nbd7 10. O-O c5 11. Be3 a6 12. Qd2 Bxf3 13. Bxf3 Be7 14. Rad1 Ne5 15. Be2 O-O 16. Bg5 Rad8 17. Bxf6 Bxf6 18. Nd5 Qd7 19. f4 Ng6 20. e5 Be7 21. Qc2 Rfe8 22. Rd2 Kh8 23. Rfd1 Bf8 24. Bd3 Qc6 25. Bxg6 fxg6 26. Nc3 Re6 27. Ne4 Rde8 28. Nxd6 Bxd6 29. Rxd6 Qc8 30. Qd3 Rxd6 31. Qxd6 Qf5 32. Qd7 Qf8 33. g3 h5 34. Qxb7 Re6 35. Qd5 Qe7 36. Qd8+ Kh7 37. Qxe7 Rxe7 38. Rd6 Rb7 39. b3 Kg8 40. Rxa6 Kf7 41. Kf2 Rc7 42. Ke3 Rc8 43. Ke4 Rd8 44. Rd6 Ra8 45. a4 Rb8 46. Rd3 Rc8 47. Rd7+ Kf8 48. Kd5 Rb8 49. Kxc5 Rxb3 50. a5 Rb8 51. a6 Rc8+ 52. Kd5 Kg8 53. a7 Kh7 54. e6 Rf8 55. e7 Re8 56. Ke6 Ra8 57. Ke5 1-0

[Event "41st BAN National Women Chess-ch 2022"]
[Site "Dhaka"]
[Date "2022.11.21"]
[Round "5.3"]
[White "Nusrat Jahan, Alo"]
[Black "Warsia, Khusbu"]
[Result "0-1"]
[ECO "B32"]
[WhiteElo "1710"]
[BlackElo "1540"]
[Annotator "NA RC COMBH"]
[PlyCount "118"]
[EventDate "2022.11.17"]
[EventCountry "BAN"]
[SourceTitle "playchess.com"]
[Source "ChessBase"]
[SourceQuality "1"]
[TimeControl "40/5400+30:1800+30"]

1. e4 c5 2. Nf3 Nc6 3. d4 cxd4 4. Nxd4 e5 5. Nf3 Nf6 6. Bd3 Bb4+ 7. c3 Be7 8. c4 O-O 9. O-O d6 10. h3 Be6 11. Nc3 Nb4 12. b3 Nd7 13. Bb1 Rc8 14. Nb5 Qb6 15. a3 Nc6 16. Be3 Nc5 17. b4 Bxc4 18. Nxd6 Bxd6 19. Qxd6 Bxf1 20. Bxc5 Qb5 21. Qd1 Be2 22. Qb3 Bxf3 23. Bd3 Nd4 24. Bxd4 Qd7 25. Bxe5 Rfd8 26. Bc4 Bxe4 27. Re1 Bg6 28. Bf1 Qd2 29. Qe3 Qxe3 30. fxe3 Rc2 31. Be2 Ra2 32. Bf3 b6 33. b5 Rxa3 34. Bc7 Rc8 35. Bd6 Rb3 36. Bg4 Rd8 37. Bc7 Re8 38. Kf2 Rb2+ 39. Kg3 Be4 40. Kf4 Rf2+ 41. Bf3 Bxf3 42. gxf3 Ra2 43. Rb1 h6 44. h4 Rh2 45. Kg4 Rc2 46. Bf4 Rc5 47. e4 h5+ 48. Kg3 Rd8 49. Rb3 f6 50. Be3 Rc2 51. Bf4 Ra2 52. Be3 Rc8 53. Rd3 Rb2 54. Ra3 Rxb5 55. Rxa7 Rb3 56. Bd4 Rd8 57. Ba1 Rdd3 58. e5 Rxf3+ 59. Kg2 Ra3 0-1

[Event "41st BAN National Women Chess-ch 2022"]
[Site "Dhaka"]
[Date "2022.11.21"]
[Round "5.4"]
[White "Tasnia Tarannum, Orpa"]
[Black "Kazi Zarin, Tasnim"]
[Result "0-1"]
[ECO "A45"]
[WhiteElo "1662"]
[BlackElo "1860"]
[Annotator "NA RC COMBH"]
[PlyCount "82"]
[EventDate "2022.11.17"]
[EventCountry "BAN"]
[SourceTitle "playchess.com"]
[Source "ChessBase"]
[SourceQuality "1"]
[TimeControl "40/5400+30:1800+30"]

1. d4 Nf6 2. Bf4 c6 3. c3 d6 4. Nd2 Nbd7 5. Ngf3 Nh5 6. Bg3 Nxg3 7. hxg3 g6 8. e3 Bg7 9. Bd3 Qc7 10. Qc2 e5 11. O-O-O d5 12. dxe5 Nxe5 13. Nxe5 Bxe5 14. Nf3 Bg4 15. Be2 Bf5 16. Qd2 Bg7 17. Nd4 Bd7 18. Bd3 O-O-O 19. Kb1 h5 20. Rc1 Kb8 21. Nb3 c5 22. Be2 a5 23. Na1 $1 Qb6 24. Bd3 Be6 25. Nc2 Bf6 26. Ka1 Be7 27. Qe1 Rhe8 28. Qf1 Bf6 29. Qd1 d4 (29... Bd7 $17) 30. exd4 (30. cxd4 $11 cxd4 31. e4) 30... cxd4 31. c4 {[%emt 0:00:07] [#]} Bxc4 $1 32. Ne1 Bd5 33. Qd2 Rc8 34. Nf3 Ka7 35. Qf4 Bg7 36. g4 $2 (36. Rxc8 $17 {was worth a try.} Rxc8 37. Rc1 Rxc1+ 38. Qxc1) 36... hxg4 37. Qxg4 $2 {[%emt 0:00:09] [#]} (37. Ne1) 37... Re2 $3 38. Rb1 {[%emt 0:06:17] [#]} Rcc2 $1 39. Bxc2 d3 40. Bb3 Bxb3 41. axb3 Qxb3 0-1

[Event "41st BAN National Women Chess-ch 2022"]
[Site "Dhaka"]
[Date "2022.11.21"]
[Round "5.5"]
[White "Noshin, Anjum"]
[Black "Ahmed, Walijah"]
[Result "1-0"]
[ECO "C11"]
[WhiteElo "1907"]
[BlackElo "1977"]
[Annotator "TA"]
[PlyCount "119"]
[EventDate "2022.11.17"]
[EventCountry "BAN"]
[SourceTitle "playchess.com"]
[Source "ChessBase"]
[SourceQuality "1"]
[TimeControl "40/5400+30:1800+30"]

1. e4 e6 2. d4 d5 3. Nc3 Nf6 4. e5 Nfd7 5. f4 c5 6. Nf3 Nc6 7. Be3 a6 8. Qd2 b5 9. a3 g5 {[%emt 0:00:00] 9...Qa5 gains popularity. C11: French: Classical System: 4 e5 and 4 Bg5 dxe4.} 10. f5 cxd4 (10... g4 $1 $11 {keeps the balance.} 11. fxe6 fxe6) 11. Nxd4 $16 {[%emt 0:02:20] [#]} (11. Bxd4 $2 g4 12. Ng1 (12. fxe6 $2 fxe6 13. Ng1 h5 $19) 12... Ndxe5 13. fxe6 fxe6 $19) 11... Nxd4 $146 {[%emt 0:02:30] White is better.} (11... Ndxe5 12. fxe6 Bxe6 13. Nxc6 Nxc6 14. Bxg5 Qa5 15. Rd1 d4 16. Ne4 Qxd2+ 17. Rxd2 f5) ({Predecessor:} 11... Ndxe5 12. fxe6 Bxe6 13. Nxc6 Nxc6 14. Bxg5 Qa5 15. Rd1 d4 16. Ne4 Qxd2+ 17. Rxd2 f5 {0-1 (32) Budszuhn,T (1658)-Kahleys,K (1986) Dortmund 2009}) 12. Bxd4 {[%emt 0:01:49] Strongly threatening fxe6.} Bb7 (12... Bc5 $16 {was worth a try.}) 13. Be2 $18 {[%emt 0:09:55] Black must now prevent fxe6.} h5 14. fxe6 fxe6 15. Qd3 Qe7 16. Rf1 (16. O-O $18 {[%cal Oe2h5] Hoping for Bxh5+!} Qh7 17. Nxb5 $1 Qxd3 18. Nc7+ Ke7 19. Bxd3) 16... Qg7 {[%emt 0:00:00] [#]} (16... O-O-O $16) 17. Nxb5 $1 axb5 18. Qxb5 Rb8 19. Rf6 Be7 {[%emt 0:00:00] [#] And now ...Ba8 would win.} 20. Ba7 $1 (20. Rxe6 Rh6 21. Rxh6 Qxh6) (20. Rxe6 Rh6 21. Rxh6 Qxh6 $11) 20... Bxf6 21. exf6 ({And not} 21. Bxb8 Bxe5 22. Bxe5 Qxe5 $11) 21... Qxf6 {[%emt 0:00:00] Threatens to win with ...Rc8.} 22. Bxb8 {[%emt 0:00:06] This pair of bishops is nice.} O-O 23. Qxd7 {[%emt 0:03:36] Active counter play!} (23. Ba7 Bc8 24. O-O-O) (23. Ba7 $142 Bc8 24. O-O-O (24. Bxh5 g4 $15)) 23... Qf2+ $2 (23... Rxb8 24. Qc7 Rf8) (23... Rxb8 24. Qc7 (24. Bxh5 Ba6 $15) 24... Rf8) 24. Kd2 Qd4+ 25. Bd3 Qf2+ 26. Be2 $2 (26. Kc3 $18 Rc8+ 27. Kb3) 26... Qd4+ $16 27. Bd3 Qf2+ 28. Kc3 d4+ 29. Kb3 Bd5+ 30. Ka4 Qf7 {[%emt 0:05:19] Against Qh7+} 31. Qxf7+ Rxf7 32. Be5 Bxg2 33. Rg1 Bc6+ 34. Kb4 g4 35. Bxd4 Bf3 36. Bg6 Rf4 37. Kc3 h4 38. Be5 Rf8 39. Bh5 g3 40. Bxf3 Rxf3+ $18 {[%emt 0:00:05][%mdl 4096] Endgame KRB-KR} 41. Kd4 Rf2 42. hxg3 h3 43. Rh1 Rxc2 44. Rxh3 Rxb2 45. Bd6 Kf7 46. Kc3 Ra2 47. Kb3 Rd2 48. Bb4 Rd3+ 49. Kc4 Re3 50. a4 Re4+ 51. Kb3 Re3+ 52. Kc4 Re4+ 53. Kb5 {[%emt 0:00:00] White is clearly winning.} Re5+ 54. Bc5 (54. Kb6 Re4 55. Rh4) 54... Re2 55. a5 Rb2+ 56. Bb4 e5 57. a6 e4 58. a7 Ra2 59. Ba5 Rb2+ 60. Ka6 {[%emt 0:00:00] Weighted Error Value: White=0.73/Black=0.49} 1-0

[Event "41st BAN National Women Chess-ch 2022"]
[Site "Dhaka"]
[Date "2022.11.21"]
[Round "5.6"]
[White "Jannatul, Ferdous"]
[Black "Hamid, Rani"]
[Result "0-1"]
[ECO "B41"]
[WhiteElo "1861"]
[BlackElo "1760"]
[Annotator "NA RC COMBH"]
[PlyCount "72"]
[EventDate "2022.11.17"]
[EventCountry "BAN"]
[SourceTitle "playchess.com"]
[Source "ChessBase"]
[SourceQuality "1"]
[TimeControl "40/5400+30:1800+30"]

1. e4 c5 2. Nf3 e6 3. d4 cxd4 4. Nxd4 a6 5. c4 Nf6 6. Nc3 d6 7. a3 Be7 8. Be3 O-O 9. Be2 b6 10. O-O Bb7 11. f3 Nbd7 12. Rc1 Rc8 13. b4 Ne5 14. Na4 Nfd7 15. Nb3 Nxc4 16. Rxc4 Rxc4 17. Bxc4 b5 18. Bxb5 axb5 19. Nc3 Ba6 20. Nd4 Ne5 21. Ndxb5 Nc4 22. Re1 Nxe3 23. Rxe3 Bxb5 24. Nxb5 Qb6 25. Qd3 Bg5 26. Nd4 Bxe3+ 27. Qxe3 Rc8 28. Kf1 Rc4 29. Nc2 Qc7 30. Nd4 Rc3 31. Qd2 Qc4+ 32. Ne2 Rc2 33. Qd1 d5 34. b5 d4 35. b6 d3 36. Nf4 Rc1 0-1